 Dungeon Crawl Stone Soup version 0.29.1-2-gbd0b4ee654 (webtiles) character file.

Game seed: 9745240636092999548

60177 MTVSty1e the Executioner (level 14, -6/138 HPs)
             Began as a Minotaur Fighter on Oct 24, 2022.
             Was the Champion of Okawaru.
             Shot with a bolt by a yaktaur (17 damage)
             ... on level 13 of the Dungeon.
             The game lasted 00:33:11 (23239 turns).

MTVSty1e the Executioner (Minotaur Fighter)        Turns: 23239, Time: 00:33:12

Health: -6/138     AC: 26    Str: 28    XL:     14   Next: 55%
Magic:  17/17      EV:  5    Int:  5    God:    Okawaru [******]
Gold:   1469       SH: 11    Dex: 14    Spells: 13/13 levels left

rFire   . . .      SeeInvis +   P - +7 broad axe of Inference {protect, rCorr Int-3 Dex+4}
rCold   . . .      Faith    .   c - +0 buckler
rNeg    . . .      Spirit   .   w - +3 crystal plate armour of Heresy {Slay+3}
rPois   +          Reflect  +   v - +0 hat {Stlth+}
rElec   +          Harm     .   l - +0 cloak
rCorr   +          Rampage  .   F - +0 pair of gloves "Exzeecido" {rElec rC- SInv}
Will    +....                   s - +0 pair of boots
Stlth   ..........              A - amulet of reflection
HPRegen 0.33/turn               N - +4 ring of slaying
MPRegen 0.15/turn               R - ring "Veerumos" {rPois rC+ Str+2 Int+3}

@: no status effects
A: horns 2, retaliatory headbutt
a: Renounce Religion, Heroism, Finesse, Duel


You were on level 13 of the Dungeon.
You worshipped Okawaru.
Okawaru was exalted by your worship.
You visited 3 branches of the dungeon, and saw 19 of its levels.

You collected 1469 gold pieces.

Inventory:

Hand Weapons
 a - the +7 war axe of the Smoking Madman {vorpal, rPois Will- SInv}
   (You found it on level 2 of the Lair of Beasts)

   It inflicts extra damage upon your enemies.
   rPois:     It protects you from poison.
   SInv:      It lets you see invisible.
   Will:      It decreases your willpower.
 D - a +1 broad axe of freezing
 I - a +0 broad axe of flaming
 P - the +7 broad axe of Inference (weapon) {protect, rCorr Int-3 Dex+4}
   (Okawaru gifted it to you on level 11 of the Dungeon)

   It grants its wielder temporary protection when it strikes (+7 to AC).
   Int:       It affects your intelligence (-3).
   Dex:       It affects your dexterity (+4).
   rCorr:     It protects you from acid and corrosion.
 S - a +4 broad axe of venom
Armour
 c - a +0 buckler (worn)
 l - a +0 cloak (worn)
 s - a +0 pair of boots (worn)
 v - a +0 hat of stealth (worn)
 w - the +3 crystal plate armour of Heresy (worn) {Slay+3}
   (You acquired it on level 7 of the Dungeon)

   Slay:      It affects your accuracy & damage with ranged weapons and melee
   (+3).
 F - the +0 pair of gloves "Exzeecido" (worn) {rElec rC- SInv}
   (Okawaru gifted it to you on level 1 of the Lair of Beasts)

   rC:        It makes you vulnerable to cold.
   rElec:     It insulates you from electricity.
   SInv:      It lets you see invisible.
Jewellery
 j - a ring of ice
 y - a ring of positive energy
 A - an amulet of reflection (around neck)
 B - a ring of protection from fire
 L - an amulet of the acrobat
 N - a +4 ring of slaying (left hand)
 R - the ring "Veerumos" (right hand) {rPois rC+ Str+2 Int+3}
   (You acquired it on level 11 of the Dungeon)

   [ring of protection from cold]

   Str:       It affects your strength (+2).
   Int:       It affects your intelligence (+3).
   rC:        It protects you from cold.
   rPois:     It protects you from poison.
Wands
 o - a wand of polymorph (16)
 t - a wand of flame (17)
 E - a wand of iceblast (5)
 H - a wand of mindburst (7)
 M - a wand of quicksilver (5)
Scrolls
 f - 2 scrolls of identify
 g - 11 scrolls of teleportation
 p - 6 scrolls of enchant armour
 r - 7 scrolls of magic mapping
 u - 3 scrolls of poison
 C - 2 scrolls of amnesia
 G - 2 scrolls of blinking
 J - 2 scrolls of silence
 O - a scroll of summoning
 Q - 3 scrolls of fog
Potions
 b - 3 potions of invisibility
 d - 2 potions of might
 e - 2 potions of brilliance
 h - 4 potions of magic
 i - 8 potions of curing
 k - 4 potions of mutation
 m - 5 potions of lignification
 n - 5 potions of attraction
 q - 6 potions of ambrosia
 x - 4 potions of haste
 z - 3 potions of resistance
 K - 2 potions of heal wounds
 T - a potion of flight


   Skills:
 + Level 16.4 Fighting
 * Level 22.1 Axes
 + Level 8.7 Armour
 + Level 8.7 Shields
 + Level 6.3 Invocations


You had 13 spell levels left.
You didn't know any spells.
Your spell library contained the following spells:

 Spells                   Type           Power      Damage    Failure   Level
 Blink                    Tloc           0%         N/A       100%        2
 Ensorcelled Hibernation  Hex/Ice        0%         N/A       100%        2
 Passwall                 Tmut/Erth      0%         N/A       100%        2
 Dazzling Flash           Conj/Hex       0%         N/A       100%        3
 Lesser Beckoning         Tloc           0%         N/A       100%        3
 Spider Form              Tmut/Pois      0%         N/A       100%        3
 Swiftness                Air            0%         N/A       100%        3
 Anguish                  Hex/Necr       0%         N/A       100%        4
 Iskenderun's Mystic Bla  Conj/Tloc      0%         2d3       100%        4
 Blade Hands              Tmut           0%         N/A       100%        5
 Freezing Cloud           Conj/Ice/Air   0%         6-21      100%        5
 Manifold Assault         Tloc           0%         N/A       100%        5
 Iron Shot                Conj/Erth      0%         9d1       100%        6
 Starburst                Conj/Fire      0%         6d3       100%        6
 Storm Form               Tmut/Air       0%         N/A       100%        7
 Polar Vortex             Ice            0%         N/A       100%        9
 Animate Armour           Summ/Erth      Unusable   N/A       N/A         4
 Simulacrum               Ice/Necr       Unusable   N/A       N/A         6

Dungeon Overview and Level Annotations

Branches:
Dungeon (13/15)            Temple (1/1) D:7            Lair (5/5) D:10
  Swamp (0/4) Lair:3       Spider (0/4) Lair:2        Slime (0/5) Lair:4
    Orc (0/2) D:10         Vaults (0/5) D:13

Altars:
Ashenzari
Cheibriados
Dithmenos
Elyvilon
Fedhas
Gozag
Hepliaklqana
Kikubaaqudgha
Makhleb
Nemelex Xobeh
Okawaru
Qazlal
Ru
Sif Muna
Trog
Uskayaw
Vehumet
Wu Jian
Xom
Yredelemnul
Zin
The Shining One
Jiyva

Shops:
D:6 ?   D:9 (

Annotations:
D:6 1 runed translucent door, Ashen's ghost, novice DsFE


Innate Abilities, Weirdness & Mutations

You have a pair of horns on your head.
You reflexively headbutt those who attack you in melee.


Message History

The yaktaur shoots a bolt.
The bolt barely misses you.
The yaktaur captain shoots a bolt.
The bolt hits you but does no damage.
There is a stone staircase leading up, spattered with blood here.
There are no items here.
You feel sick.
The yaktaur captain shoots a bolt.
The bolt hits you!!
The yaktaur shoots a bolt.
You reflect the bolt off an invisible shield around you!
The bolt hits the yaktaur!!
You climb upwards.
You feel sick.
You are no longer poisoned.
There is a stone staircase leading down here.
You are too injured to fight recklessly!
You are too injured to fight recklessly!
You barely miss the orc. Your headbutt misses the orc. You slash the orc!
Your weapon exudes an aura of protection.
You kill the orc!
You see here a +0 hand axe.
You start resting.
HP restored.
There is a stone staircase leading down here.
You climb downwards.
The yaktaur captain shoots a bolt.
The bolt hits you!
There is a stone staircase leading up, spattered with blood here.
The yaktaur shoots a bolt.
You reflect the bolt off an invisible shield around you!
The bolt hits the yaktaur!!
The yaktaur captain shoots a bolt.
The bolt hits you!!!
The yaktaur captain shoots a bolt.
The bolt hits you!!
The yaktaur shoots a bolt.
The bolt hits you!
You are too injured to fight recklessly!
Unknown command.
The yaktaur shoots a bolt.
The bolt barely misses you.
The yaktaur captain shoots a bolt.
The bolt hits you but does no damage.
The yaktaur captain shoots a bolt.
The bolt hits you!!
* * * LOW HITPOINT WARNING * * *
The yaktaur shoots a bolt.
The bolt hits you!
* * * LOW HITPOINT WARNING * * *
There is a stone staircase leading up, spattered with blood here.
The yaktaur shoots a bolt.
The bolt hits you!
You die...

##
#######################..
...................... .c
........##..........###..
........[.....c.....#....
........@...##...........
.......)......)....###...
##+####............# #...
#....####c...# #...
#....+ #.[..# ##(. #....#
#....# ## #....# #....#
#....# #....# ######
#....#


You could see a yaktaur captain and a yaktaur.

Vanquished Creatures
  Gastronok (Lair:3)
  The ghost of diceflayer the Marksdemonspawn, a journeyman DsFi of Okawaru (D:11)
  Snorg (Lair:3)
  5 hydras
  5 two-headed ogres
  2 catoblepae (Lair:2)
  3 death yaks (D:10)
  4 skeletal warriors (D:13)
  Pikel (D:9)
  An ugly thing (D:13)
  A deep elf pyromancer (D:12)
  An elephant (Lair:5)
  Joseph (D:9)
  3 black mambas
  3 gargoyles
  9 cane toads
  5 rime drakes
  6 komodo dragons
  A yaktaur (D:13)
  A tyrant leech (Lair:3)
  6 polar bears
  4 hornets (Lair:5)
  A queen bee (Lair:2)
  4 trolls
  23 blink frogs
  5 slime creatures (D:12)
  4 dream sheep (Lair:5)
  Grinder (D:3)
  5 culicivoras (Lair:2)
  15 spriggans (Lair:5)
  A vampire (D:12)
  2 shadows (D:11)
  3 wraiths
  49 yaks
  A human (shapeshifter) (D:13)
  3 wyverns
  8 basilisks
  3 steam dragons
  10 vampire mosquitoes
  Menkaure (D:4)
  A swamp worm (Lair:3)
  4 acid dragons
  9 orc warriors
  17 water moccasins
  2 sky beasts (D:7)
  An ice beast (D:8)
  5 black bears
  5 ogres
  2 centaurs
  3 boggarts (Lair:5)
  34 wolves
  4 lemures (D:9)
  2 kobold brigands (D:10)
  11 bullfrogs
  A necrophage (D:8)
  4 gnoll sergeants (D:10)
  3 scorpions
  17 wights
  41 killer bees
  3 electric eels (D:8)
  A howler monkey (D:10)
  6 orc priests
  4 jellies
  4 hounds
  Ijyb (D:3)
  An iguana (D:5)
  6 orc wizards
  6 hell rats
  4 gnolls
  2 river rats (Lair:2)
  8 adders
  A white imp (D:6)
  3 worms
  5 dart slugs
  24 orcs
  10 endoplasms
  3 giant cockroaches
  7 goblins
  2 hobgoblins (D:1)
  3 jackals (D:2)
  11 kobolds
  2 quokkas (D:1)
  A ball python (D:1)
  5 bats
  A frilled lizard (D:3)
  7 rats
501 creatures vanquished.

Vanquished Creatures (others)
  A kobold brigand (D:10)
  27 fungi
  43 plants
71 creatures vanquished.

Grand Total: 572 creatures vanquished

Notes
Turn   | Place    | Note
-------+----------+-------------------------------------------
     0 | D:1      | MTVSty1e the Minotaur Fighter began the quest for the Orb.
     0 | D:1      | Reached XP level 1. HP: 19/19 MP: 0/0
   146 | D:1      | Reached skill level 3 in Axes
   153 | D:1      | Reached XP level 2. HP: 3/27 MP: 1/1
   795 | D:1      | Reached XP level 3. HP: 33/33 MP: 2/2
  1065 | D:1      | Reached skill level 4 in Axes
  1645 | D:2      | Found a sparkling altar of Nemelex Xobeh.
  1831 | D:2      | Reached XP level 4. HP: 41/41 MP: 3/3
  2133 | D:2      | Found a faded altar of an unknown god.
  2570 | D:3      | Noticed Ijyb
  2592 | D:3      | Killed Ijyb
  2593 | D:3      | Reached skill level 5 in Axes
  2728 | D:3      | Noticed Grinder
  2747 | D:3      | Killed Grinder
  2748 | D:3      | Reached skill level 5 in Fighting
  2748 | D:3      | Reached skill level 6 in Axes
  2748 | D:3      | Reached XP level 5. HP: 5/48 MP: 4/4
  2748 | D:3      | Reached XP level 6. HP: 6/56 MP: 5/5
  3089 | D:3      | Found a hide-covered altar of Uskayaw.
  3720 | D:4      | Found a broken altar of Ashenzari.
  4163 | D:4      | Noticed Menkaure
  4173 | D:4      | Killed Menkaure
  4174 | D:4      | Reached skill level 7 in Axes
  4337 | D:4      | Reached XP level 7. HP: 18/64 MP: 6/6
  5000 | D:4      | Reached skill level 8 in Axes
  5076 | D:5      | Entered Level 5 of the Dungeon
  5523 | D:5      | Reached skill level 9 in Axes
  5527 | D:5      | Reached XP level 8. HP: 67/73 MP: 7/7
  6333 | D:6      | Reached skill level 10 in Axes
  6616 | D:6      | Found a runed translucent door.
  6618 | D:6      | Noticed Ashen's ghost (novice DsFE)
  6702 | D:6      | Found a shimmering blue altar of Sif Muna.
  6885 | D:6      | Found a blossoming altar of Fedhas.
  7022 | D:6      | Found Osoes's Magic Scroll Boutique.
  7295 | D:7      | Found a staircase to the Ecumenical Temple.
  7325 | Temple   | Entered the Ecumenical Temple
  7401 | Temple   | Became a worshipper of Warmaster Okawaru
  7932 | D:7      | Reached skill level 11 in Axes
  8348 | D:7      | Reached * piety under Okawaru
  8461 | D:7      | Reached XP level 9. HP: 78/82 MP: 8/8
  8572 | D:7      | Identified a scroll of acquirement
  8572 | D:7      | Acquired the +3 crystal plate armour of Heresy {Slay+3}
  8721 | D:8      | Reached skill level 12 in Axes
  8808 | D:8      | Noticed a two-headed ogre
  8819 | D:8      | Killed a two-headed ogre
  8819 | D:8      | Reached ** piety under Okawaru
  8953 | D:8      | Reached skill level 13 in Axes
  8962 | D:8      | Reached skill level 10 in Fighting
  9621 | D:8      | Reached *** piety under Okawaru
  9628 | D:8      | Reached skill level 14 in Axes
  9630 | D:8      | Reached XP level 10. HP: 94/94 MP: 9/9
 10085 | D:9      | Found Aliantorog's Weapon Shop.
 10085 | D:9      | Noticed Joseph
 10097 | D:9      | Killed Joseph
 10134 | D:9      | Noticed a two-headed ogre
 10139 | D:9      | Killed a two-headed ogre
 10404 | D:9      | Noticed Pikel
 10422 | D:9      | Killed Pikel
 10422 | D:9      | Reached **** piety under Okawaru
 10423 | D:9      | Reached skill level 15 in Axes
 10876 | D:10     | Entered Level 10 of the Dungeon
 10974 | D:10     | Noticed a death yak
 10975 | D:10     | Noticed a death yak
 10975 | D:10     | Noticed a death yak
 10977 | D:10     | Reached skill level 16 in Axes
 10982 | D:10     | Killed a death yak
 10987 | D:10     | Killed a death yak
 10987 | D:10     | Reached ***** piety under Okawaru
 10988 | D:10     | Reached XP level 11. HP: 53/105 MP: 10/10
 10990 | D:10     | Killed a death yak
 11020 | D:10     | Found a staircase to the Lair.
 11270 | D:10     | Acquired a +1 broad axe of freezing
 11371 | D:10     | Found a staircase to the Orcish Mines.
 11896 | D:9      | Reached skill level 17 in Axes
 12224 | D:10     | Found a shimmering altar of Xom.
 12230 | D:10     | Found a snail-covered altar of Cheibriados.
 12231 | D:10     | Found a glowing golden altar of the Shining One.
 12231 | D:10     | Found a stormy altar of Qazlal.
 12234 | D:10     | Found a shadowy altar of Dithmenos.
 13084 | Lair:1   | Entered Level 1 of the Lair of Beasts
 13177 | Lair:1   | You fall into a shaft and drop 1 floor!
 13177 | Lair:2   | Noticed a catoblepas
 13192 | Lair:1   | Reached skill level 18 in Axes
 13197 | Lair:1   | Identified the +0 pair of gloves "Exzeecido" {rElec rC-
                  | SInv} (Okawaru gifted it to you on level 1 of the Lair of
                  | Beasts)
 13197 | Lair:1   | Received a gift from Okawaru
 13199 | Lair:1   | Reached ****** piety under Okawaru
 13265 | Lair:1   | Reached XP level 12. HP: 45/116 MP: 11/11
 13814 | Lair:1   | Reached skill level 19 in Axes
 14446 | Lair:2   | Noticed a catoblepas
 14450 | Lair:2   | Noticed a seven-headed hydra
 14836 | Lair:2   | Killed a catoblepas
 14849 | Lair:2   | Reached skill level 1 in Invocations
 14862 | Lair:2   | Received a gift from Okawaru
 14924 | Lair:2   | Killed a catoblepas
 14929 | Lair:2   | Reached skill level 20 in Axes
 15273 | Lair:2   | Killed a four-headed hydra
 15469 | Lair:2   | Reached skill level 15 in Fighting
 15526 | Lair:2   | Reached skill level 5 in Shields
 15698 | Lair:2   | Reached skill level 5 in Armour
 15714 | Lair:2   | Identified the +1 leather armour of Youthful Indiscretion
                  | {rPois}
 15971 | Lair:2   | Identified the +7 war axe of the Smoking Madman {vorpal,
                  | rPois Will- SInv}
 16120 | Lair:2   | Identified the +1 robe of the Barber Surgeon {rN+ Will+}
 16122 | Lair:2   | Found a hole to the Spider Nest.
 16127 | Lair:2   | Received a gift from Okawaru
 16516 | Lair:2   | Reached XP level 13. HP: 126/126 MP: 14/14
 16681 | Lair:3   | Noticed Gastronok
 16726 | Lair:3   | Killed Gastronok
 17071 | Lair:3   | Found a staircase to the Swamp.
 17391 | Lair:3   | Noticed Snorg
 17401 | Lair:3   | Killed Snorg
 18344 | Lair:4   | Identified the +7 long sword "Toewoigg" {freeze, rC+}
 18602 | Lair:4   | Found a runed translucent door.
 18616 | Lair:4   | Found a viscous altar of Jiyva.
 18618 | Lair:4   | Found a staircase to the Slime Pits.
 18976 | Lair:5   | Entered Level 5 of the Lair of Beasts
 18988 | Lair:5   | Identified the +6 scale mail of Buriczest {Rampage *Slow
                  | rF+ rN+++}
 19010 | Lair:5   | Identified the +1 animal skin "Jirch" {-Cast rPois Dex+6}
                  | (Okawaru gifted it to you on level 5 of the Lair of Beasts)
 19010 | Lair:5   | Received a gift from Okawaru
 19021 | Lair:5   | Reached skill level 21 in Axes
 19342 | Lair:5   | Reached skill level 5 in Invocations
 19732 | Lair:5   | Reached XP level 14. HP: 136/136 MP: 16/16
 20759 | D:11     | Identified the +7 broad axe of Inference {protect, rCorr
                  | Int-3 Dex+4} (Okawaru gifted it to you on level 11 of the
                  | Dungeon)
 20759 | D:11     | Received a gift from Okawaru
 20912 | D:11     | Found a runed translucent gate.
 20912 | D:11     | Found a runed translucent gate.
 20912 | D:11     | Found a runed translucent gate.
 20914 | D:11     | Noticed diceflayer's ghost (journeyman DsFi)
 21069 | D:11     | Found a glowing golden altar of the Shining One.
 21582 | D:11     | Killed diceflayer's ghost
 21595 | D:11     | Acquired the ring "Veerumos" {rPois rC+ Str+2 Int+3}
 22018 | D:12     | Reached skill level 22 in Axes
 22515 | D:13     | Received a gift from Okawaru
 22753 | D:13     | Found a gate to the Vaults.
 23239 | D:13     | Shot with a bolt by a yaktaur

Illustrated notes

Levels and vault maps discovered:
D:1:      kilobyte_arrival_exit_the_forest, layout_loops_corners,
          hangedman_feature_mirror, dreamdust_wishing_well
D:2:      layout_loops_ring, basic_altar,
          hellmonk_ecumenical_altar_pennies_from_heaven
D:3:      layout_basic, overflow_temple_1_default, minmay_hedge_maze,
          minmay_misc_feat_four_crosses, uniq_ijyb, uniq_grinder
D:4:      layout_basic, mainiacjoe_overflow_catwalk, roderic_serpentine_path,
          uniq_menkaure
D:5:      layout_basic, serial_corexii_hall, chequers_hall_statues_wall_a,
          corexii_hall_statues_l, corexii_hall_statues_x,
          chequers_hall_statues_y
D:6:      layout_gridville, lemuel_coloured_pillars_altar, old_standard_altar,
          serial_shops, nicolae_shop_waterfront, ebering_ghost_sewer_d,
          kennysheep_generic_room_3
D:7:      layout_cave_pods, minmay_temple_entry_arrows
D:8:      layout_loops_ring, water_maze_lemuel
D:9:      layout_rooms, serial_shops, shop, uniq_joseph, uniq_pikel
D:10:     layout_basic, minitemple, dpeg_lair_monsters,
          kennysheep_orc_monster_closet_entryway
D:11:     layout_irregular_city, gammafunk_ghost_hydra_chop, minivault_24,
          nicolae_tso_carved_into_rock
D:12:     layout_long_grid
D:13:     layout_stronghold, david_vaults_2, minmay_misc_feat_iff,
          fedhas_altar_3
Temple:   oiseaux_autumnal_temple
Lair:1:   layout_cave_shapes, serial_bayou_shore_a
Lair:2:   regret_index_wax_grids, layout_cave_pods,
          hellmonk_spider_entry_life_and_decay, grunt_megastairs_1
Lair:3:   layout_long_grid, minmay_swamp_entry_worms,
          infiniplex_staircase_pool_2, grunt_megastairs_2, uniq_snorg,
          uniq_gastronok
Lair:4:   layout_regular_city, slime_entry_2
Lair:5:   minmay_lair_end_enchanted_forest, layout_cave_pods,
          chequers_serial_rivers_small_a, small_statue_intersection,
          st_stairs_10, grunt_forest_small_clearing_treed

Skill      XL: |  1  2  3  4  5  6  7  8  9 10 11 12 13 14 |
---------------+-------------------------------------------+-----
Axes           | 3 4 6 7 9 11 14 16 18 20 21 22 | 22.1
Fighting       | 4 5 6 7 8 10 12 13 15 16 | 16.4
Invocations    | 2 5 6 |  6.3
Armour         | 5 7 8 |  8.7
Shields        | 5 7 8 |  8.7

Action                   |  1- 3 |  4- 6 |  7- 9 | 10-12 | 13-15 || total
-------------------------+-------+-------+-------+-------+-------++-------
Melee: War axe           |    85 |    17 |   180 |    96 |   301 ||   679
       Headbutt          |     9 |     7 |    31 |    95 |    74 ||   216
       Hand axe          |       |    58 |    35 |       |       ||    93
       Broad axe         |       |       |       |   354 |    98 ||   452
Invok: Heroism           |       |       |       |     5 |     1 ||     6
  Use: Potion            |       |     2 |       |     6 |       ||     8
       Scroll            |       |       |    13 |    11 |     9 ||    33
 Stab: Distracted        |     1 |       |       |       |       ||     1
Armor: Scale mail        |    40 |    30 |    14 |       |       ||    84
       Plate armour      |       |       |    48 |       |       ||    48
       Crystal plate arm |       |       |    37 |   301 |   215 ||   553
Dodge: Dodged            |    33 |    23 |    53 |    78 |    53 ||   240
Block: Buckler           |    22 |     9 |    26 |    63 |   158 ||   278
       Reflection        |       |       |     5 |     2 |     8 ||    15
       Orb               |       |       |    37 |    55 |       ||    92
